 Dungeon Crawl Stone Soup version 0.23.0-38-g208d714 (webtiles) character file.

Game seed: 3140775853041926926

1522 Borgoz the Sneak (level 8, -4/69 HPs)
             Began as a Ghoul Assassin on Feb 27, 2019.
             Slain by a gnoll
             ... wielding a +0 halberd
              (8 damage)
             ... on level 5 of the Dungeon.
             The game lasted 00:15:17 (7148 turns).

Borgoz the Sneak (Ghoul Assassin)                   Turns: 7148, Time: 00:15:18

Health: -4/69      AC:  4    Str: 20    XL:     8   Next: 84%
Magic:  7/7        EV: 13    Int: 12    God:
Gold:   222        SH:  0    Dex: 11    Spells: 7/7 levels left

rFire    . . .     SeeInvis .   a - +2 dagger (flame)
rCold    + . .     Gourm    .   (no shield)
rNeg     + + +     Faith    .   r - +0 leather armour
rPois    ∞         Spirit   .   (no helmet)
rElec    .         Reflect  .   d - +0 cloak
rCorr    .         Harm     .   (no gloves)
MR       .....                  (no boots)
Stlth    ++++......             (no amulet)
HPRegen  0.00/turn              l - ring of stealth
MPRegen  0.10/turn              (no ring)

@: mighty, brilliant, rotting
A: rotting body, claws 1, carnivore, cold resistance 1, negative energy
resistance 3, inhibited regeneration, torment resistance, unbreathing
a: no special abilities


You were on level 5 of the Dungeon.
You were not hungry.

You visited 1 branch of the dungeon, and saw 5 of its levels.

You collected 222 gold pieces.

Inventory:

Hand Weapons
 a - a +2 dagger of flaming (weapon)
 b - a +0 blowgun
Missiles
 e - 20 poisoned needles
 f - 2 curare-tipped needles
 h - a throwing net (quivered)
Armour
 d - a +0 cloak (worn)
 r - a +0 leather armour (worn)
Jewellery
 l - a ring of stealth (left claw)
 x - an uncursed ring of poison resistance {unknown}
Wands
 s - a wand of acid (10)
Scrolls
 c - 2 scrolls of identify
 j - 2 scrolls of random uselessness {unknown}
 k - 2 scrolls of teleportation
 m - a scroll of fear {unknown}
 n - 2 scrolls of immolation {unknown}
 o - 3 scrolls of enchant armour {unknown}
 p - a scroll of blinking {unknown}
 q - a scroll of amnesia {unknown}
 t - a scroll of remove curse {unknown}
Comestibles
 g - 8 rations


   Skills:
 + Level 5.4 Fighting
 * Level 6.1 Short Blades
 + Level 3.6 Throwing
 + Level 4.0 Dodging
 + Level 6.8 Stealth


You had 7 spell levels left.
You didn't know any spells.
Your spell library contained the following spells:

 Spells                   Type           Power        Failure   Level  Hunger
 Corpse Rot               Necr           N/A          7%          2    ###....
 Agony                    Necr           #.......     65%         5    ######.
 Bolt of Draining         Conj/Necr      #.........   65%         5    ######.
 Dispel Undead            Necr           #.......     65%         5    ######.
 Excruciating Wounds      Chrm/Necr      #.........   65%         5    ######.
 Sublimation of Blood     Necr           Unusable     N/A         2    N/A

Dungeon Overview and Level Annotations

Branches:
Dungeon (5/15)
 Temple: D:4-7

Altars:

Shops:
D:4 }   D:5 =

Annotations:
D:4 3 runed translucent doors, Zmaxter's ghost, amateur TrMo


Innate Abilities, Weirdness & Mutations

Your body is rotting away.
You thrive on raw meat.
You are immune to poison.
You have sharp fingernails.
You are carnivorous and can eat meat at any time.
Your flesh is cold resistant. (rC+)
You are immune to negative energy. (rN+++)
You do not regenerate when monsters are visible.
You are immune to unholy pain and torment.
You can survive without breathing.


Message History

You closely miss the ice beast.
The ice beast is lightly wounded.
You puncture the ice beast!
You melt the ice beast.
The ice beast is heavily wounded.
The ice beast barely misses you. The gnoll hits you but does no damage.
You puncture the ice beast!
You melt the ice beast.
The ice beast is almost dead.
The ice beast hits you.
* * * LOW HITPOINT WARNING * * *
The ice beast freezes you. You resist.
* * * LOW HITPOINT WARNING * * *
The gnoll hits you from afar with a +0 halberd!
* * * LOW HITPOINT WARNING * * *
You closely miss the ice beast.
The ice beast is almost dead.
The ice beast closely misses you.
It was a potion of brilliance.
You feel clever all of a sudden.
The gnoll hits you from afar with a +0 halberd!
You die...

.....##......###
#.# ...
......'........#
#.# ...
.....##......#.#
#.. ...
.....##......#.##
#.# ...
....(##......#..#
#Z# ...
#######......##.##
### #......##..#
#<# #......###.#
#.# #......# #@#
##.####...)..# #Y#
.....##......# #g.
.#.#.#########
##.# .#.#.# ..
.#.#.# #.. .#...#
.. ###### #.#


You could see an ice beast and a gnoll.

Vanquished Creatures
  Eustachio (D:4)
  A yak (D:4)
  A water moccasin (D:5)
  2 ogres (D:4)
  A centaur (D:5)
  Blork the orc (D:4)
  A scorpion (D:5)
  4 orc priests
  2 hounds
  A centaur skeleton (D:5)
  Ijyb (D:4)
  An iguana (D:4)
  5 orc wizards
  2 worker ants (D:4)
  A killer bee zombie (D:5)
  14 gnolls
  6 adders
  2 oozes
  2 worms
  2 dart slugs
  5 leopard geckos
  18 orcs
  A ball python (D:3)
  9 bats
  12 giant cockroaches
  9 goblins
  3 hobgoblins
  3 jackals (D:2)
  7 kobolds
  2 quokkas (D:3)
  4 frilled lizards
  A jackal skeleton (D:4)
  A leopard gecko zombie (D:5)
  A rat (D:1)
127 creatures vanquished.

Notes
Turn   | Place    | Note
-------+----------+-------------------------------------------
     0 | D:1      | Borgoz the Ghoul Assassin began the quest for the Orb.
     0 | D:1      | Reached XP level 1. HP: 17/17 MP: 0/0
    66 | D:1      | Reached skill level 1 in Dodging
   129 | D:1      | Reached XP level 2. HP: 23/25 MP: 1/1
  1049 | D:2      | Reached XP level 3. HP: 20/29 MP: 2/2
  1298 | D:2      | Reached XP level 4. HP: 29/37 MP: 3/3
  1819 | D:2      | Reached skill level 5 in Stealth
  1994 | D:2      | Reached XP level 5. HP: 28/45 MP: 4/4
  2763 | D:3      | Reached XP level 6. HP: 48/51 MP: 5/5
  3859 | D:3      | Reached XP level 7. HP: 40/59 MP: 6/6
  4445 | D:4      | Noticed Ijyb
  4446 | D:4      | Killed Ijyb
  4501 | D:4      | Found a runed translucent gate.
  4502 | D:4      | Found a runed translucent gate.
  4502 | D:4      | Found a runed translucent gate.
  4504 | D:4      | Noticed Zmaxter's ghost (amateur TrMo)
  5025 | D:4      | Found Wetre's Gadget Emporium.
  5225 | D:4      | Noticed a yak
  5371 | D:4      | Killed a yak
  5371 | D:4      | Reached skill level 5 in Short Blades
  5514 | D:4      | Noticed Blork the orc
  5545 | D:4      | Killed Blork the orc
  5545 | D:4      | Reached XP level 8. HP: 40/67 MP: 7/7
  5628 | D:4      | Noticed Eustachio
  6114 | D:4      | Killed Eustachio
  6509 | D:5      | Entered Level 5 of the Dungeon
  6547 | D:5      | Reached skill level 5 in Fighting
  6717 | D:5      | Found Pusu's Jewellery Emporium.
  7148 | D:5      | Slain by a gnoll

Skill      XL: |  1  2  3  4  5  6  7  8 |
---------------+-------------------------+-----
Dodging        | 1 2 3 4 |  4.0
Short Blades   | 2 3 4 5 6 |  6.1
Fighting       | 3 4 5 |  5.4
Stealth        | 5 6 |  6.8
Throwing       | 2 3 |  3.6

Action                   |  1- 3 |  4- 6 |  7- 9 || total
-------------------------+-------+-------+-------++-------
Melee: Dagger            |    85 |   301 |   368 ||   754
 Fire: Blowgun           |     2 |    19 |    44 ||    65
  Use: Scroll            |     3 |       |     1 ||     4
       Potion            |     1 |     5 |     4 ||    10
 Stab: Sleeping          |     6 |     5 |     5 ||    16
  Eat: Chunk             |     5 |    29 |    16 ||    50
Armor: Robe              |    21 |       |       ||    21
       Leather armour    |       |    66 |    98 ||   164
Dodge: Dodged            |    50 |   151 |   219 ||   420
